Map: Eternal Empire LE

Players

hrepderp - Winner!

  • Race: Protoss Protoss
  • League: Platinum
  • Spawn Location: 7:00

Massa

  • Race: Terran Terran
  • League: Gold
  • Spawn Location: 1:00

VOD

Have the link to the VOD?

Description

Time

  • Played on: Aug. 30, 2020, 5:35 a.m.
  • Length: 18:07
Show
View Real Time Build Order
Export as new Build Order

hrepderp Protoss - Winner!

Build Orders: Oracle Opening 

Get SALT Encoding   

  12  0:02  Probe  
  13  0:14  Probe  
  13  0:17  Pylon  
  14  0:26  Probe  
  15  0:38  Gateway  
  15  0:41  Probe  
  16  0:53  Probe  
  16  0:54  Assimilator  
  17  1:05  Probe, Pylon  
  18  1:17  Probe  
  19  1:29  Probe  
  20  1:49  Nexus  
  21  1:54  Probe  
  21  1:57  Cybernetics Core  
  21  2:03  Assimilator  
  21  2:11  Pylon  
  21  2:14  Probe  
  22  2:27  Probe  
  23  2:32  Adept (Chrono Boost)  
  23  2:36  Stargate  
  24  3:03  Probe (Chrono Boost)  
  26  3:05  Probe (Chrono Boost)  
  27  3:14  Probe (Chrono Boost), Warp Gate (Chrono Boost)  
  27  3:15  Probe (Chrono Boost)  
  27  3:19  Probe x2 (Chrono Boost)  
  28  3:22  Oracle  
  33  3:29  Probe  
  33  3:31  Probe  
  35  3:40  Stalker  
  37  3:41  Probe  
  37  3:43  Probe  
  37  3:47  Assimilator  
  39  3:51  Assimilator  
  39  3:54  Probe, Pylon  
  39  3:55  Probe  
  40  4:10  Probe x2  
  42  4:22  Probe x2  
  44  4:26  Robotics Facility  
  44  4:30  Gateway  
  44  4:32  Gateway  
  44  4:34  Probe x2, Gateway  
  46  4:46  Probe x2  
  48  5:05  Probe  
  48  5:06  Probe  
  50  5:13  Pylon  
  50  5:15  Nexus  
  50  5:18  Pylon  
  50  5:19  Observer  
  50  5:20  Assimilator  
  51  5:22  Forge  
  51  5:25  Assimilator  
  51  5:26  Probe, Twilight Council  
  51  5:27  Probe  
  50  5:43  Oracle  
  50  5:48  Pylon  
  53  5:51  Immortal  
  57  6:02  Charge, Protoss Ground Weapons Level 1  
  57  6:08  Photon Cannon  
  57  6:10  Photon Cannon  
  57  6:16  Photon Cannon  
  57  6:18  Photon Cannon  
  57  6:20  Shield Battery  
  57  6:22  Pylon  
  57  6:24  Photon Cannon  
  57  6:27  Probe (Chrono Boost)  
  57  6:28  Probe (Chrono Boost), Photon Cannon  
  57  6:31  Shield Battery  
  59  6:33  Zealot  
  59  6:34  Zealot  
  59  6:38  Zealot  
  65  6:47  Probe x2  
  65  6:48  Probe  
  65  6:51  Templar Archives  
  65  7:03  Sentry x2  
  65  7:06  Immortal  
  73  7:12  Stalker  
  73  7:13  Stalker  
  77  7:22  Gateway  
  77  7:24  Gateway  
  77  7:26  Gateway  
  77  7:28  Gateway  
  77  7:31  High Templar x2  
  81  7:37  Probe x2  
  81  7:38  Probe  
  84  7:49  Probe x2, Immortal  
  84  7:50  Probe  
  91  8:00  High Templar x2  
  91  8:01  Probe  
  91  8:02  Probe  
  91  8:04  Archon  
  91  8:05  Psionic Storm  
  97  8:12  Probe  
  98  8:13  Probe, Zealot  
  98  8:14  Probe, Zealot  
  104  8:22  High Templar x2  
  104  8:26  Archon  
  108  8:34  Pylon  
  108  8:36  Pylon  
  105  8:46  High Templar x2  
  109  9:06  Stalker x3  
  109  9:07  Stalker  
  113  9:14  Blink  
  110  9:20  Shield Battery  
  110  9:30  High Templar  
  112  9:46  High Templar  
  112  9:48  Zealot x5  
  124  9:54  Nexus  
  124  9:57  Pylon  
  124  9:58  Pylon  
  124  9:59  Unknown  
  124  10:01  Pylon  
  124  10:13  Pylon  
  124  10:14  Protoss Ground Weapons Level 2  
  124  10:15  Immortal  
  124  10:19  Photon Cannon  
  128  10:23  Photon Cannon  
  128  10:27  High Templar x3  
  134  10:30  Zealot x3  
  134  10:31  Zealot x2  
  134  10:32  Photon Cannon  
  134  10:33  Photon Cannon, Archon  
  144  10:44  Forge  
  144  10:52  High Templar x3  
  144  10:56  Archon  
  150  11:05  Immortal  
  154  11:18  Shield Battery  
  154  11:19  Shield Battery  
  154  11:22  Photon Cannon  
  154  11:27  Photon Cannon  
  154  11:29  Pylon  
  134  11:51  Warp Prism (Chrono Boost)  
  132  12:12  Zealot x3  
  138  12:21  Zealot  
  140  12:26  Protoss Ground Armor Level 1  
  140  12:29  Immortal  
  140  12:48  Protoss Shields Level 1  
  140  12:54  Probe x4  
  142  13:05  Zealot  
  142  13:06  Probe x4, Zealot x6  
  142  13:07  Zealot  
  142  13:12  Dark Shrine  
  150  13:31  Pylon, Immortal  
  150  13:32  Pylon  
  150  13:34  Pylon  
  150  13:53  Gateway  
  150  13:54  Gateway  
  150  13:57  Gateway  
  150  14:01  Gateway  
  150  14:03  Gateway  
  150  14:08  Probe x3  
  150  14:09  Probe  
  154  14:12  Gateway  
  154  14:15  Gateway  
  154  14:18  Gateway  
  154  14:25  Zealot x6  
  154  14:26  Zealot x2  
  154  14:28  Nexus  
  154  14:30  Pylon  
  170  14:34  Assimilator  
  170  14:38  Assimilator  
  115  14:58  High Templar x2  
  115  14:59  High Templar x7  
  133  15:00  High Templar x4  
  133  15:03  Archon x3  
  140  15:29  Observer (Chrono Boost)  
  141  15:42  Observer (Chrono Boost)  
  141  15:49  Shadow Stride  
  142  15:50  Robotics Facility  
  132  16:02  Immortal  
  136  16:26  Dark Templar x4  
  144  16:36  Probe x2  
  144  16:37  Probe x2  
  148  16:41  Immortal  
  152  16:49  Zealot  
  152  16:50  Zealot x5  
  152  16:51  Zealot x6  
  147  17:19  Zealot x2  
  147  17:20  Zealot x7  
  147  17:21  Zealot x2  
  147  17:22  Zealot  
  171  17:25  Zealot x3  
  171  17:26  Zealot  
Show
View Real Time Build Order
Export as new Build Order

Massa Terran 

Build Orders:  

Get SALT Encoding   

  12  0:01  SCV  
  13  0:13  SCV  
  14  0:17  Supply Depot  
  14  0:25  SCV  
  15  0:30  Refinery  
  15  0:38  SCV  
  16  0:46  Barracks  
  16  0:52  SCV  
  17  1:02  Supply Depot  
  17  1:05  SCV  
  18  1:33  Orbital Command  
  18  1:34  Reaper  
  19  1:52  Factory  
  19  2:03  SCV  
  19  2:06  Marine  
  21  2:15  SCV  
  22  2:17  Command Center  
  22  2:26  Barracks Tech Lab  
  22  2:27  SCV  
  23  3:21  Barracks  
  23  3:24  SCV, Command Center  
  24  3:34  Starport  
  24  3:36  SCV  
  24  3:38  Barracks Tech Lab, Barracks  
  24  3:39  Siege Tank  
  28  3:45  Orbital Command  
  28  3:48  SCV  
  29  4:00  SCV  
  29  4:12  Marine, SCV, Engineering Bay  
  29  4:13  Marine  
  29  4:16  Widow Mine  
  34  4:22  Stimpack  
  34  4:29  Refinery  
  34  4:30  Refinery, SCV x2, Marine  
  37  4:31  Marine  
  37  4:38  Missile Turret  
  38  4:41  Orbital Command  
  38  4:42  SCV  
  37  5:01  Missile Turret  
  37  5:03  Viking  
  39  5:07  Barracks Reactor  
  39  5:14  Missile Turret  
  39  5:21  Missile Turret  
  39  5:25  Missile Turret  
  39  5:35  Marauder, Marine  
  42  5:42  Medivac  
  42  5:45  SCV  
  42  5:47  SCV  
  46  5:53  Marine  
  46  5:56  Marauder  
  49  6:03  Concussive Shells  
  49  6:08  SCV x3  
  49  6:11  Terran Infantry Weapons Level 1  
  52  6:12  Medivac  
  52  6:17  Widow Mine  
  56  6:20  Barracks Reactor, SCV x2  
  58  6:27  Refinery  
  58  6:28  SCV  
  58  6:32  SCV x2  
  61  6:45  Supply Depot x2  
  61  7:07  Widow Mine, SCV  
  64  7:08  Supply Depot  
  64  7:09  Supply Depot  
  64  7:10  Combat Shield  
  64  7:12  Marauder, Marine x3  
  64  7:13  Marine  
  70  7:16  SCV  
  70  7:22  SCV x2  
  73  7:28  SCV, Siege Tank  
  77  7:30  Marine x3  
  77  7:31  Starport Tech Lab, Supply Depot  
  77  7:32  Supply Depot  
  77  7:33  Marauder  
  77  7:34  SCV x2  
  84  7:49  Orbital Command  
  84  7:54  Marine x4  
  84  7:55  Marauder  
  90  8:00  Siege Tank  
  90  8:03  SCV  
  90  8:04  SCV  
  95  8:09  Medivac  
  95  8:12  Marine x4  
  101  8:15  SCV  
  101  8:16  SCV, Marauder  
  101  8:19  SCV  
  106  8:25  Missile Turret  
  106  8:28  SCV x2  
  106  8:29  Marine  
  109  8:46  Missile Turret  
  109  8:53  SCV  
  109  8:54  Marine  
  109  8:56  Marine  
  109  9:10  Missile Turret, Supply Depot x2  
  109  9:11  Supply Depot x2  
  109  9:12  Supply Depot x3  
  109  9:17  SCV, Marauder, Marine x2, Viking  
  109  9:31  Marine x2  
  109  9:34  Command Center  
  109  9:35  Marine x2  
  113  9:39  Widow Mine, Marauder  
  117  9:46  Engineering Bay  
  117  9:47  Viking  
  117  9:48  Terran Infantry Armor Level 1  
  117  9:49  Marine  
  117  9:51  Armory  
  120  9:53  Armory  
  120  10:00  Marauder, Siege Tank  
  120  10:01  Refinery  
  120  10:03  Refinery  
  125  10:15  Ghost Academy  
  125  10:22  Marauder  
  127  10:32  Widow Mine  
  127  10:34  Sensor Tower  
  129  10:37  SCV  
  129  10:38  SCV x2  
  132  10:43  Marauder  
  132  10:48  Marine x3  
  132  10:49  SCV, Marine  
  139  10:50  SCV  
  139  10:54  Widow Mine  
  142  11:02  Barracks  
  142  11:03  Barracks, Ghost  
  142  11:06  Marine x4  
  142  11:09  Barracks  
  148  11:24  Marine x3  
  151  11:32  Ghost  
  113  12:01  Marauder, Thor  
  110  12:03  Medivac  
  110  12:06  Barracks Reactor x3  
  110  12:08  Marine x4  
  124  12:23  Marauder  
  124  12:25  Marine  
  124  12:26  Marine x2  
  124  12:27  Command Center  
  124  12:28  Planetary Fortress  
  129  12:31  SCV  
  129  12:32  SCV x2  
  129  12:33  Medivac  
  134  12:44  SCV x3, Marauder, Thor  
  135  12:50  Terran Vehicle Weapons Level 1  
  135  12:51  Terran Infantry Armor Level 2, Terran Vehicle And Ship Armor Level 1  
  145  12:52  Terran Infantry Weapons Level 2  
  145  12:56  SCV x3  
  145  12:58  Personal Cloaking  
  148  13:03  Medivac  
  148  13:04  Marine x10  
  148  13:05  Ghost Academy  
  162  13:06  Marauder  
  162  13:08  SCV x3  
  165  13:20  SCV x3  
  165  13:22  Marine x10  
  180  13:27  Marauder  
  180  13:39  Widow Mine, Marine  
  180  13:40  Marine x9  
  192  13:43  Supply Depot  
  192  13:45  Supply Depot  
  192  13:46  Refinery  
  194  13:48  Marauder  
  194  13:49  Refinery, Command Center  
  194  13:54  Orbital Command  
  194  13:57  Marine  
  195  14:04  Marine x5  
  195  14:05  Barracks, Cloaking Field  
  195  14:08  Nuke, Supply Depot  
  200  14:10  Supply Depot  
  200  14:29  Sensor Tower  
  200  14:40  Marine x2  
  200  14:41  Widow Mine  
  109  14:54  Marauder, Marine  
  109  14:55  Marine x7  
  109  14:58  Marine x2  
  99  15:02  Widow Mine  
  99  15:04  Medivac  
  97  15:12  Marine  
  97  15:13  Marine x7  
  97  15:15  Marauder  
  97  15:16  Marine x2  
  97  15:23  Thor  
  101  15:30  Marine  
  101  15:31  Marine x7  
  101  15:34  Marine x2, Medivac  
  112  15:37  Marauder  
  110  15:48  Marine x7  
  91  15:58  Marauder  
  91  16:00  Marine  
  91  16:01  Marine x2  
  91  16:04  Medivac  
  94  16:06  Marine x7, Thor  
  94  16:07  Orbital Command  
  94  16:09  SCV x3  
  110  16:18  Marine  
  110  16:19  Marauder, Marine x2  
  110  16:21  SCV x2  
  110  16:24  Orbital Command, Marine x7  
  118  16:34  Medivac  
  118  16:36  Marine  
  118  16:37  Marine x2  
  123  16:40  Ghost  
  123  16:41  Marine  
  123  16:42  Marine  
  127  16:51  Marine x5  
  132  16:54  Marine x3  
  132  16:58  Thor  
  132  16:59  Marine  
  132  17:00  Marine  
  135  17:08  Ghost  
  135  17:09  Marine x5  
  135  17:12  Marine x3  
  97  17:17  Marine x2  
  95  17:26  Marine  
  95  17:27  Marine x4  
  95  17:29  Marine  
  100  17:30  Marine x2  
  100  17:35  Marine x2  
  100  17:36  Command Center  
  105  17:37  Ghost  
  105  17:43  Command Center  
  107  17:44  Marine  
  107  17:45  Marine  
Tags
 
Add a new tag
Caveats
  • Supply blocks, unpowered buildings, or Contaminate may cause inaccurate times.
  • Supply counts are checked every 10 seconds.